[Event "Turkey IS Bank Super League 2017"]
[Site "Darica-Kocaeli"]
[Date "2017.07.31"]
[Round "7"]
[White "Gundogan, Sinem Cagla"]
[Black "Celik, Eda"]
[Result "1/2-1/2"]
[ECO "B25"]
[WhiteElo "2000"]
[BlackElo "1939"]
[Annotator "NA"]
[PlyCount "86"]
[EventType "team-tourn"]
[EventCountry "TUR"]
[SourceTitle "playchess.com"]
[Source "ChessBase"]
[SourceQuality "1"]
[TimeControl "40/5400+30:1800+30"]

1. e4 c5 2. Nc3 Nc6 3. g3 g6 4. Bg2 Bg7 5. d3 d6 6. f4 e6 7. Nf3 Nge7 8. O-O O-O 9. Be3 Nd4 10. Qd2 Nec6 11. Nd1 (11. e5 $5) 11... Nxf3+ 12. Bxf3 Rb8 13. c3 b6 14. d4 Ne7 15. Nf2 cxd4 $11 16. Bxd4 d5 (16... e5 $11 {remains equal.} 17. Be3 Bb7) 17. Bxg7 Kxg7 18. Qd4+ f6 19. exd5 Nf5 20. Qd2 exd5 21. Rad1 Re8 22. Rfe1 Bb7 23. Rxe8 Qxe8 24. Bxd5 Rd8 25. c4 Qe3 26. Qxe3 Nxe3 27. Re1 Nxd5 28. cxd5 Kf7 29. Rc1 Rd7 30. d6 Ke6 31. Re1+ Kxd6 32. Ng4 Rf7 33. Kf2 h5 34. Ne3 Rc7 35. h4 Be4 36. Rd1+ Ke7 37. Rd4 Bb7 38. Rd1 Be4 39. Rd4 Bb7 40. f5 gxf5 41. Nxf5+ Ke6 42. Ne3 Rc5 43. Rd2 Be4 1/2-1/2

[Event "Turkey IS Bank Super League 2017"]
[Site "Darica-Kocaeli"]
[Date "2017.07.31"]
[Round "7"]
[White "Ozbay, Ece"]
[Black "Duran, Esma Doga"]
[Result "1-0"]
[ECO "B12"]
[WhiteElo "1970"]
[BlackElo "1939"]
[Annotator "NA"]
[PlyCount "109"]
[EventType "team-tourn"]
[EventCountry "TUR"]
[SourceTitle "playchess.com"]
[Source "ChessBase"]
[SourceQuality "1"]
[TimeControl "40/5400+30:1800+30"]

1. e4 c6 2. d4 d5 3. e5 Bf5 4. Nf3 e6 5. Be2 Nd7 6. c3 c5 7. O-O Ne7 8. Nh4 {[%emt 0:15:30] LiveBook: 64 Games} Be4 $11 9. Nd2 Bg6 10. Nxg6 Nxg6 11. Nf3 Be7 12. Be3 O-O 13. Bd3 c4 14. Bc2 b5 15. b4 cxb3 16. axb3 Qc7 17. Qd3 a6 18. Rfc1 Rfc8 19. Bb1 Nb6 20. h4 Qd8 21. Ng5 Rc6 22. g3 Bxg5 23. Bxg5 Qc8 24. h5 Nf8 25. Qf3 Nbd7 26. h6 g6 27. b4 Qe8 28. Ra5 Ra7 29. Kf1 Rac7 30. Ke1 Qc8 31. Kd2 Rc4 32. Rc2 R4c6 33. Ra3 Ra7 34. Rca2 Rac7 35. Be7 Ra7 36. Bc5 Rac7 37. Bd6 Ra7 38. Bd3 f5 39. Bxb5 Rb6 40. Bd3 Qa8 41. b5 a5 42. Bc5 Nxc5 43. dxc5 Rb8 44. b6 Rf7 45. Bb5 Qb7 46. Rxa5 Qe7 47. Qe3 Nd7 48. Ra7 Qd8 49. Bxd7 Rxd7 50. Qd4 Qg5+ 51. Qf4 Qd8 52. Rxd7 Qxd7 53. Qa4 Qc8 54. Qa7 Qf8 55. Qg7+ 1-0

[Event "Turkey IS Bank Super League 2017"]
[Site "Darica-Kocaeli"]
[Date "2017.07.31"]
[Round "7"]
[White "Ayan, Bengu Sena"]
[Black "Sade, Defne"]
[Result "1-0"]
[ECO "D11"]
[WhiteElo "1862"]
[BlackElo "1654"]
[Annotator "NA"]
[PlyCount "115"]
[EventType "team-tourn"]
[EventCountry "TUR"]
[SourceTitle "playchess.com"]
[Source "ChessBase"]
[SourceQuality "1"]
[TimeControl "40/5400+30:1800+30"]

1. d4 d5 2. c4 c6 3. Nf3 Nf6 4. Qc2 g6 5. Bf4 Bf5 6. Qb3 Qb6 7. c5 Qxb3 8. axb3 Na6 9. Nc3 Bc2 (9... Nh5 $11 10. Bd2 Nb4) 10. Nd2 ({White should try} 10. e3 $16) 10... Nh5 $1 11. Bg5 h6 12. Bh4 g5 $15 (12... e5 $5 13. e3 Nb4 14. dxe5 g5 $17) 13. Bg3 Nxg3 14. hxg3 Bg7 15. e3 Nb4 16. Be2 e5 17. dxe5 Bxe5 18. O-O Bd3 19. Bxd3 Nxd3 20. Nf3 Bxc3 21. bxc3 Nxc5 22. Ra3 Ne6 23. g4 a6 24. Re1 O-O-O 25. Raa1 f6 26. Nd4 Nxd4 27. exd4 Rhe8 28. f3 Kd7 29. Kf2 Rxe1 30. Rxe1 Re8 31. Rh1 Rh8 32. f4 Kd6 33. f5 Ke7 34. Ke3 Kf7 35. Kd3 b6 36. c4 dxc4+ 37. Kxc4 Ke7 38. Re1+ Kf7 39. Re6 Rc8 40. d5 cxd5+ 41. Kxd5 Rc5+ 42. Kd6 Rb5 43. Re7+ Kf8 44. Rb7 Rxb3 45. Ke6 Rc3 46. Rxb6 Kg7 47. Rb7+ Kg8 48. Kxf6 Rc6+ 49. Ke5 Kf8 50. f6 a5 51. Ra7 a4 52. Kf5 a3 53. Kg6 Ke8 54. Ra8+ Kd7 55. Rxa3 Ke6 56. Re3+ Kd7 57. Kg7 Rc8 58. f7 1-0

[Event "Turkey IS Bank Super League 2017"]
[Site "Darica-Kocaeli"]
[Date "2017.07.31"]
[Round "7"]
[White "Ayazmali, Gizem"]
[Black "Avramidou, Anastasia"]
[Result "0-1"]
[ECO "A05"]
[WhiteElo "1849"]
[BlackElo "2247"]
[Annotator "NA"]
[PlyCount "94"]
[EventType "team-tourn"]
[EventCountry "TUR"]
[SourceTitle "playchess.com"]
[Source "ChessBase"]
[SourceQuality "1"]
[TimeControl "40/5400+30:1800+30"]

1. Nf3 Nf6 2. g3 g6 3. Bg2 Bg7 4. d4 d5 5. O-O O-O 6. b3 c5 7. e3 Nc6 8. Bb2 Ne4 9. Nbd2 Bg4 {[%emt 0:04:30] A05: Réti Opening: 1 Nf3 Nf6} (9... Qa5 10. Nxe4 dxe4 11. Ne5 Nxe5 12. dxe5 Rd8 13. Qe1 Qc7 14. Bxe4 Bh3 15. Bg2 Bxg2 16. Kxg2 Bxe5 17. Bxe5 Qxe5 {½-½ (47) Moussard,J (2576)-Fridman,D (2594) chess.com INT 2017}) 10. h3 {[%emt 0:02:30] LiveBook: 13 Games} Bf5 11. Ne5 Qc8 $146 ({Find the theoretical novelty and annotate with similar games:} 11... Nxe5 12. dxe5 Qc7 13. g4 Nxd2 14. Qxd2 Be6 15. f4 Rad8 16. f5 Bc8 17. Qc3 gxf5 18. gxf5 {1-0 (41) Schmittdiel,E (2485)-Dobos,J (2385) Budapest 1991}) 12. g4 Nxd2 13. Qxd2 Be6 14. f4 cxd4 15. exd4 Bh6 16. Qf2 f6 17. Nd3 Bf7 18. Qh4 Bg7 19. f5 Qc7 20. Rae1 a5 21. a3 Na7 ({Better is} 21... b6 $14) 22. Qf2 Rac8 23. Nf4 Rfd8 24. Re6 Qxc2 25. Nxd5 Qxf2+ 26. Rxf2 Bxe6 27. fxe6 Nc6 28. Nb6 Rb8 29. d5 Bh6 30. dxc6 bxc6 31. Nc4 Rxb3 32. Nxa5 Rb5 33. Nxc6 Be3 34. Nxd8 Rxb2 35. Be4 Rxf2 36. Kh1 Ra2 37. Nc6 Bc5 38. Bd5 Rxa3 39. Kg2 Kg7 40. h4 Bd6 41. Bf3 Ra2+ 42. Kf1 Bc5 43. Ke1 Ra3 44. Bd5 Rd3 45. Bc4 Rd6 46. Nb8 Rd4 47. Be2 Re4 $19 0-1

[Event "Turkey IS Bank Super League 2017"]
[Site "Darica-Kocaeli"]
[Date "2017.07.31"]
[Round "7"]
[White "Kargaci, Humeyra"]
[Black "Yurdakul, Didem Nuray"]
[Result "1-0"]
[ECO "D11"]
[WhiteElo "1737"]
[BlackElo "1697"]
[Annotator "NA"]
[PlyCount "175"]
[EventType "team-tourn"]
[EventCountry "TUR"]
[SourceTitle "playchess.com"]
[Source "ChessBase"]
[SourceQuality "1"]
[TimeControl "40/5400+30:1800+30"]

1. d4 d5 2. Nf3 Nf6 3. e3 Bg4 4. c4 c6 5. Qb3 Qb6 6. Ne5 Bf5 7. cxd5 Qxb3 8. axb3 cxd5 9. Nc3 Bd7 10. Bd2 e6 11. Bd3 Be7 12. Nb5 Bxb5 13. Bxb5+ Nbd7 14. Ke2 Bd6 15. Rhc1 Ke7 16. f4 a6 17. Bd3 Rhc8 18. Kf3 Nf8 19. Rc3 Ne8 20. Ke2 f6 21. Nf3 Rc7 22. Rac1 Rac8 23. b4 b5 24. Ra1 Rxc3 25. Bxc3 Rc6 26. Nd2 g6 27. Nb3 Nd7 28. Nc5 Nc7 29. h4 f5 30. h5 gxh5 31. Rh1 Nf6 32. Be1 Nce8 33. Bh4 Kf7 34. Ra1 Bxc5 35. bxc5 Nc7 36. Be1 Nd7 37. Ba5 Nb8 38. Rh1 Kg6 39. Kd2 Ne8 40. Bd8 Rc8 41. Bg5 Nc6 42. Be2 Ng7 43. Ra1 Nb8 44. Ke1 Ne8 45. Kf2 h6 46. Bh4 Nc7 47. Be7 Nc6 48. Bd6 Nb4 49. Rh1 Kg7 50. Rxh5 Ne8 51. Be5+ Kg6 52. Rh3 Kh7 53. Ke1 Nc6 54. g4 Nxe5 55. fxe5 fxg4 56. Bxg4 Ng7 57. Rf3 h5 58. Bh3 Kg8 59. Rf6 Re8 60. Kd2 a5 61. Kd3 b4 62. e4 Rf8 63. Rxf8+ Kxf8 64. exd5 exd5 65. Bg2 a4 66. Bxd5 a3 67. bxa3 bxa3 68. Kc3 Ke7 69. Ba2 h4 70. d5 h3 71. d6+ Kd7 72. Bd5 h2 73. c6+ Kd8 74. c7+ Kc8 75. Kb3 a2 76. Kxa2 h1=N 77. Bxh1 Ne6 78. Bf3 Nxc7 79. dxc7 Kxc7 80. Kb3 Kd7 81. Kc4 Ke6 82. Kd4 Ke7 83. Kd5 Kd7 84. e6+ Ke7 85. Ke5 Ke8 86. Kd6 Kd8 87. e7+ Ke8 88. Bc6+ 1-0

[Event "Turkey IS Bank Super League 2017"]
[Site "Darica-Kocaeli"]
[Date "2017.07.31"]
[Round "7"]
[White "Onur, Cigdem"]
[Black "Arda, Cagil Irmak"]
[Result "0-1"]
[ECO "B70"]
[WhiteElo "1699"]
[BlackElo "2080"]
[Annotator "NA"]
[PlyCount "130"]
[EventType "team-tourn"]
[EventCountry "TUR"]
[SourceTitle "playchess.com"]
[Source "ChessBase"]
[SourceQuality "1"]
[TimeControl "40/5400+30:1800+30"]

1. e4 c5 2. Nf3 Nc6 3. d4 cxd4 4. Nxd4 Nf6 5. Nc3 d6 6. g3 g6 7. Nde2 Bg7 8. Bg2 O-O 9. O-O Bd7 10. h3 Rc8 11. Be3 Ne5 12. Bd4 (12. b3 $14) 12... Nc6 13. Be3 Qa5 14. f4 Rfd8 15. Nd5 $11 Re8 16. c3 Qd8 17. Qd3 b6 18. Rad1 Nxd5 19. exd5 Na5 20. Nd4 Qc7 21. g4 Qc4 22. Qe4 e6 23. Bf2 e5 24. Nc2 Qxe4 25. Bxe4 exf4 26. Bd3 Nc4 27. Bxc4 Rxc4 28. Nd4 h5 29. gxh5 Bxh3 30. Rfe1 Rxe1+ 31. Rxe1 g5 32. Re8+ Bf8 33. h6 Rc8 34. Rxc8 Bxc8 35. Nb5 a6 36. Na7 Bb7 37. c4 b5 38. cxb5 axb5 39. Nxb5 Bxd5 40. a4 g4 41. a5 g3 42. Bd4 Be7 43. Nc7 Be4 44. a6 Bd8 45. Nb5 f3 46. Nxd6 Bd3 47. a7 f2+ 48. Bxf2 gxf2+ 49. Kxf2 Bb6+ 50. Ke1 Bxa7 51. Kd2 Bg6 52. Kc3 f5 53. Nc8 Be3 54. Ne7+ Kh7 55. b4 Kxh6 56. b5 Kg5 57. Nd5 Ba7 58. b6 Bb8 59. Nc7 f4 60. Kd2 Bxc7 61. bxc7 Bf5 62. Ke2 Kg4 63. Kf2 f3 64. Kg1 Kg3 65. Kh1 f2 0-1